 Dungeon Crawl Stone Soup version 0.30.0-13-g156ef70053 (webtiles) character file.

Game seed: 6283861331537893688

4 Esekla the Grave Robber (level 1, 0/11 HPs)
             Began as an Octopode Necromancer on May 17, 2023.
             Slain by a bat (1 damage)
             ... on level 1 of the Dungeon.
             The game lasted 00:00:40 (217 turns).

Esekla the Grave Robber (Octopode Necromancer)       Turns: 217, Time: 00:00:40

Health: 0/11       AC:  1    Str:  7    XL:     1   Next: 60%
Magic:  3/3        EV: 13    Int: 17    God:
Gold:   0          SH:  0    Dex: 12    Spells: 3/4 levels left

rFire   . . .        c - +0 dagger
rCold   . . .        (no shield)
rNeg    . . .        (helmet restricted)
rPois   .            (no amulet)
rElec   .            (no ring)
rCorr   .            (no ring)
SInv    .            (no ring)
Will    .....        (no ring)
Stlth   +++          (no ring)
HPRegen 0.21/turn    (no ring)
MPRegen 0.08/turn    (no ring)
                     (no ring)

%: no passive effects
@: no status effects
A: almost no armour, amphibious, 8 rings, camouflage 1, gelatinous body 1,
(nimble swimmer 1), tentacles
a: no special abilities


You were on level 1 of the Dungeon.
You visited 1 branch of the dungeon, and saw 1 of its levels.

Inventory:

Hand Weapons
 c - a +0 dagger (weapon)
Potions
 a - a potion of magic
 b - a potion of curing {unknown}


   Skills:
 * Level 0.1 Fighting
 * Level 2.0 Dodging
 + Level 2.7 Stealth
 * Level 2.0 Spellcasting
 + Level 4.1 Necromancy


You had 3 spell levels left.
You knew the following spells:

 Your Spells              Type           Power      Damage    Failure   Level
a - Necrotise             Necr           60%        1d7       3%          1

Your spell library contained the following spells:

 Spells                   Type           Power      Damage    Failure   Level
 Vampiric Draining        Necr           15%        2d7       11%         3
 Animate Dead             Necr           15%        N/A       34%         4
 Agony                    Necr           15%        N/A       69%         5


Dungeon Overview and Level Annotations

Branches:
Dungeon (1/15)

Altars:


Innate Abilities, Weirdness & Mutations

You cannot wear most types of armour.
You are amphibious.
You can wear up to eight rings at the same time.
Your skin changes colour to match your surroundings (Stealth+).
Your rubbery body absorbs attacks. (AC +1, EV +1)
((You are camouflaged when in or above water. (Stealth+)))
You have tentacles for arms and can constrict up to eight enemies at once.


Message History

c - a +0 dagger
c - a +0 dagger (weapon)
You start waiting.
Done waiting.
An endoplasm comes into view.
A bat and a rat come into view.
An endoplasm comes into view.
Found a lumpy silvery potion.
A jackal comes into view.
Found a scroll labelled HAKLE FUCWANA.
Found a scroll labelled ISO VINOSHOMEN. 2 jackals come into view.
The jackal barks! x2
The endoplasm barely misses you. The bat barely misses you.
The bat closely misses you. The bat attacks as you move away!
The bat hits you but does no damage. The bat misses you.
You barely miss the bat. Your grab misses the bat. The bat closely misses you.
You hit the endoplasm.
The endoplasm is moderately wounded.
The endoplasm freezes you.
You are frozen.
You hit the endoplasm.
You kill the endoplasm!
The bat barely misses you.
The endoplasm jiggles.
The jackal barks!
You hit the endoplasm.
The endoplasm is lightly wounded.
The endoplasm freezes you.
You are frozen.
You hit the endoplasm but do no damage.
The endoplasm is lightly wounded.
The endoplasm hits you.
* * * LOW HITPOINT WARNING * * *
You hit the endoplasm. You squeeze the endoplasm.
You kill the endoplasm!
The bat hits you.
You die...

#.###.#### #.#
#..?.....# #.#
#....h...# #.#
#....h...### #.#
#.?.r......# #.#
#.......#h######.#
#......J.h.......#
#.......##b#####.#
##########@# #.#
#.# #.# #.# #.#
#.# #.# #.# ..#
#.# ### #.# ..#


You could see 2 jackals and a bat.

Vanquished Creatures
  2 endoplasms (D:1)
  A goblin (D:1)
  A hobgoblin (D:1)
4 creatures vanquished.

Notes
Turn   | Place    | Note
-------+----------+-------------------------------------------
     0 | D:1      | Esekla the Octopode Necromancer began the quest for the
                  | Orb.
     0 | D:1      | Reached XP level 1. HP: 11/11 MP: 3/3
   217 | D:1      | Slain by a bat

Illustrated notes

Levels and vault maps discovered:
D:1:      ncdulo_watergridlock, layout_loops_ring, serial_forest,
          infiniplex_forest_lined_room_2, infiniplex_forest_lined_room_,
          infiniplex_forest_clump_medium, infiniplex_forest_straight_4,
          infiniplex_forest_end_1, infiniplex_forest_clump_diagonal,
          infiniplex_forest_clump_medium, infiniplex_forest_end_2,
          infiniplex_forest_clump_tiny

Action                     || total
---------------------------++-------
  Melee: Dagger            ||     6
         Unarmed           ||     6
         Constrict         ||     2
         Tentacles         ||     2
   Stab: Sleeping          ||     1
 Armour: Skin              ||     1
  Dodge: Dodged            ||    10
